Map: Moondance

Players

HillMan

  • Race: Zerg Zerg
  • League: Bronze
  • Spawn Location: 6:00

OinkImaDoink - Winner!

  • Race: Protoss Protoss
  • League: Bronze
  • Spawn Location: 12:00

VOD

Have the link to the VOD?

Description

roach rush disastorous defense weird attack attempt. pure nonsense. lots learned

Time

  • Played on: Oct. 20, 2022, 11:29 a.m.
  • Length: 20:21
Show
View Real Time Build Order
Export as new Build Order

HillMan Zerg 

Build Orders: Pool First 

Get SALT Encoding   

  12  0:08  Overlord  
  12  0:14  Drone  
  12  0:18  Drone  
  14  0:30  Drone  
  14  0:33  Drone  
  16  0:45  Spawning Pool  
  16  0:46  Drone  
  16  0:55  Drone  
  17  1:03  Drone  
  18  1:10  Extractor  
  17  1:15  Drone  
  18  1:25  Hatchery  
  17  1:37  Roach Warren, Drone  
  17  1:38  Drone  
  19  1:47  Drone  
  19  1:52  Queen  
  21  1:56  Drone  
  22  2:07  Overlord  
  22  2:24  Overlord  
  22  2:38  Roach x2  
  22  2:40  Roach  
  28  2:49  Roach  
  30  2:52  Zergling x2  
  30  2:54  Metabolic Boost  
  31  3:00  Queen  
  31  3:03  Zergling x4, Roach  
  31  3:04  Zergling x2  
  38  3:09  Roach  
  40  3:29  Roach x2  
  44  4:02  Overlord x2  
  43  4:07  Overlord  
  42  4:36  Roach x6  
  51  4:57  Zergling x2, Roach  
  49  5:10  Zergling x4  
  49  5:11  Zergling x4  
  43  5:22  Ravager  
  43  5:25  Roach x2  
  43  5:26  Queen x2  
  52  5:30  Extractor  
  40  6:12  Zergling x12  
  46  6:24  Drone x2  
  48  6:31  Queen x2  
  52  6:39  Hatchery  
  51  6:42  Drone x2  
  51  6:44  Hatchery  
  35  7:12  Roach x2  
  35  7:13  Zergling x6, Roach x3  
  46  7:22  Lair  
  46  7:24  Drone, Overlord  
  47  7:35  Drone x2  
  49  7:47  Evolution Chamber  
  49  7:51  Evolution Chamber  
  47  7:56  Drone x6  
  47  7:57  Drone x4  
  54  8:21  Extractor  
  54  8:22  Drone x8  
  50  8:49  Zergling x14, Roach  
  50  8:50  Zergling x10  
  52  9:06  Zergling x8  
  52  9:07  Zergling x4  
  56  9:12  Zergling x8  
  56  9:13  Zergling x4  
  55  9:20  Zergling x2  
  55  9:21  Zergling x2  
  51  9:30  Zergling x6  
  51  9:38  Drone x3  
  53  9:45  Queen x2  
  56  10:04  Drone x4  
  56  10:05  Drone x7  
  67  10:13  Queen x2  
  71  10:16  Roach  
  73  10:35  Zerg Melee Weapons Level 1  
  73  10:39  Zerg Ground Armor Level 1  
  73  10:41  Roach x3  
  73  10:42  Zergling x10  
  84  10:43  Zergling x2  
  85  10:56  Drone  
  87  10:57  Drone x2  
  87  11:01  Extractor  
  87  11:03  Extractor  
  86  11:14  Pneumatized Carapace  
  86  11:22  Spire  
  85  11:28  Drone x3  
  85  11:30  Overlord x2  
  88  11:58  Drone x5  
  88  11:59  Drone x3, Overlord x3  
  88  12:00  Overlord  
  96  12:06  Spine Crawler x2  
  96  12:07  Spine Crawler  
  93  12:08  Spore Crawler  
  93  12:12  Spore Crawler x2  
  93  12:13  Spore Crawler  
  88  12:18  Spore Crawler x2  
  88  12:21  Spore Crawler  
  85  12:24  Overseer x3  
  85  12:27  Queen  
  87  12:33  Zerg Missile Weapons Level 1  
  87  12:39  Mutalisk x6  
  87  12:42  Overlord x2  
  87  12:43  Zergling x8  
  103  12:45  Zergling x2  
  104  12:56  Hatchery  
  103  12:59  Drone x5  
  108  13:07  Queen  
  110  13:13  Corruptor x3  
  110  13:14  Zergling x2  
  110  13:15  Zergling x2  
  118  13:23  Corruptor  
  118  13:24  Corruptor  
  96  13:44  Mutalisk x2  
  96  13:46  Zergling x6, Roach x2  
  96  13:47  Zergling x2, Roach  
  88  14:13  Zergling x6, Roach  
  88  14:14  Roach x5  
  101  14:26  Hatchery  
  101  14:27  Drone x3  
  103  14:54  Baneling Nest  
  103  14:59  Mutalisk x3  
  108  15:01  Overlord x3  
  108  15:02  Zergling x10  
  108  15:03  Zergling x4  
  115  15:08  Drone x4  
  119  15:19  Overseer  
  117  15:43  Roach x5  
  117  15:44  Zergling x6, Roach x4  
  117  15:45  Zergling x6  
  141  16:12  Infestation Pit  
  141  16:17  Roach  
  141  16:18  Zergling x12, Roach x2  
  149  16:19  Zergling x12  
  149  16:22  Queen  
  160  16:36  Overseer x3  
  160  16:39  Roach  
  162  16:40  Zergling x10  
  162  16:41  Zergling x6  
  170  17:05  Drone x2  
  170  17:06  Drone x7  
  170  17:07  Drone x2  
  181  17:08  Spore Crawler  
  181  17:09  Overlord x2  
  181  17:10  Overlord  
  180  17:16  Spine Crawler x2  
  180  17:18  Spine Crawler  
  177  17:30  Extractor  
  177  17:33  Hive  
  177  17:34  Extractor, Zerg Flyer Weapons Level 1  
  170  18:06  Glial Reconstitution  
  170  18:09  Zergling x2, Roach x5  
  170  18:10  Zergling x16  
  170  18:11  Zergling x14  
  170  18:12  Zergling x6  
  166  18:28  Roach  
  166  18:29  Roach x5  
  135  18:39  Mutalisk  
  135  18:41  Zergling x8  
  82  19:03  Corruptor x2  
  82  19:05  Zergling x8  
  82  19:06  Zergling x6  
  76  19:11  Spine Crawler x2  
  76  19:13  Spine Crawler x2  
  76  19:15  Spine Crawler  
  63  19:38  Roach x3  
  63  19:39  Zergling x4, Roach x3  
Show
View Real Time Build Order
Export as new Build Order

OinkImaDoink Protoss - Winner!

Build Orders: 1 Gate Expand 

Get SALT Encoding   

  12  0:00  Probe  
  13  0:12  Probe  
  14  0:19  Pylon  
  14  0:24  Probe  
  15  0:37  Probe  
  16  0:43  Gateway  
  16  0:50  Probe  
  16  0:53  Assimilator  
  17  1:02  Probe  
  18  1:14  Probe  
  19  1:26  Probe  
  20  1:37  Pylon  
  20  1:38  Probe  
  20  1:39  Nexus  
  21  1:50  Cybernetics Core, Probe  
  22  2:01  Assimilator  
  22  2:02  Probe  
  23  2:15  Probe  
  24  2:20  Pylon  
  24  2:27  Probe  
  24  2:28  Gateway  
  25  2:39  Probe  
  25  2:44  Robotics Facility  
  26  2:50  Stalker (Chrono Boost)  
  26  2:51  Probe  
  27  2:56  Probe  
  30  3:03  Probe  
  31  3:09  Probe  
  32  3:15  Probe  
  32  3:17  Pylon  
  33  3:20  Sentry (Chrono Boost)  
  33  3:21  Probe  
  38  3:27  Probe  
  38  3:32  Stalker (Chrono Boost)  
  38  3:33  Probe  
  40  3:39  Probe  
  41  3:47  Immortal (Chrono Boost)  
  35  4:15  Shield Battery  
  35  4:18  Gateway  
  35  4:22  Pylon  
  35  4:28  Immortal (Chrono Boost)  
  27  4:55  Warp Gate  
  25  5:05  Immortal (Chrono Boost)  
  25  5:06  Stalker  
  31  5:18  Probe x2  
  33  5:30  Probe  
  33  5:32  Probe  
  33  5:33  Pylon  
  36  5:42  Probe  
  30  6:00  Immortal (Chrono Boost)  
  30  6:01  Probe x2  
  36  6:13  Probe x2  
  36  6:16  Pylon  
  38  6:25  Probe x2  
  40  6:36  Immortal (Chrono Boost)  
  40  6:37  Probe  
  40  6:38  Probe  
  39  7:10  Immortal  
  39  7:13  Adept  
  45  7:17  Probe x2  
  45  7:22  Adept  
  49  7:29  Probe x2  
  51  7:41  Probe x2  
  53  7:47  Gateway  
  53  7:49  Gateway  
  53  7:53  Gateway, Probe  
  54  8:01  Shield Battery  
  54  8:11  Pylon  
  54  8:15  Pylon  
  54  8:29  Probe x2  
  54  8:41  Probe x2  
  54  8:52  Immortal  
  54  8:53  Probe  
  59  9:06  Adept x2  
  59  9:23  Adept  
  57  9:26  Probe x2  
  55  9:31  Immortal (Chrono Boost)  
  55  9:35  Nexus  
  51  9:42  Robotics Bay  
  51  9:48  Pylon  
  51  10:00  Adept x2  
  51  10:01  Adept  
  57  10:07  Probe x2  
  57  10:08  Immortal (Chrono Boost)  
  63  10:15  Assimilator  
  63  10:22  Probe  
  63  10:23  Probe  
  65  10:29  Adept x2  
  65  10:31  Zealot  
  71  10:36  Colossus (Chrono Boost)  
  77  10:44  Probe  
  77  10:46  Probe  
  79  10:50  Pylon  
  79  10:54  Assimilator  
  79  10:55  Probe  
  79  10:56  Probe  
  81  10:58  Probe  
  82  11:06  Zealot  
  82  11:07  Zealot x2, Probe  
  89  11:15  Pylon  
  89  11:16  Probe x2  
  91  11:19  Probe  
  91  11:20  Pylon  
  92  11:28  Probe x2  
  94  11:34  Probe  
  95  11:40  Probe x2  
  95  11:43  Colossus (Chrono Boost)  
  103  11:52  Extended Thermal Lance  
  103  11:55  Zealot x3  
  109  12:02  Twilight Council  
  109  12:05  Probe x2  
  109  12:06  Probe, Forge  
  112  12:08  Assimilator  
  112  12:17  Probe  
  112  12:18  Probe x2  
  113  12:27  Pylon  
  113  12:30  Nexus  
  113  12:33  Pylon  
  113  12:43  Pylon  
  113  12:44  Colossus  
  119  12:52  Probe x3  
  122  13:02  Pylon  
  122  13:05  Pylon  
  122  13:09  Pylon  
  122  13:37  Stalker  
  122  13:38  Stalker x2  
  116  13:42  Immortal  
  108  13:59  Charge (Chrono Boost)  
  88  14:03  Templar Archives  
  80  14:10  Gateway  
  80  14:14  Gateway  
  74  14:22  Gateway  
  74  14:23  Gateway  
  68  14:25  Stalker  
  68  14:26  Stalker x2  
  74  14:34  Gateway, Photon Cannon  
  74  14:35  Gateway  
  74  14:37  Gateway  
  74  14:38  Gateway, Shield Battery  
  74  14:41  Photon Cannon  
  74  14:44  Photon Cannon  
  74  14:45  Protoss Ground Weapons Level 1 (Chrono Boost)  
  74  14:59  Photon Cannon  
  74  15:02  Photon Cannon  
  74  15:04  Shield Battery  
  74  15:05  Photon Cannon  
  74  15:08  Photon Cannon  
  74  15:10  Shield Battery  
  74  15:14  Psionic Storm, Stalker x2  
  74  15:15  Stalker x6  
  90  15:22  High Templar  
  90  15:27  Immortal  
  96  15:37  Assimilator, Probe x3  
  96  15:38  Probe  
  100  15:49  Probe x2  
  103  15:50  High Templar, Probe x2  
  103  15:51  High Templar x6  
  103  15:53  Zealot  
  103  15:54  Zealot x4  
  103  15:56  Archon x3  
  128  15:57  Archon  
  128  16:01  Probe x2  
  130  16:16  Probe x3  
  130  16:17  Probe  
  134  16:28  High Templar x3, Probe x2, Pylon  
  134  16:29  High Templar, Probe x2  
  134  16:31  Zealot x4  
  134  16:32  Zealot x5, Pylon  
  164  16:34  Archon x2  
  164  16:36  Nexus  
  164  16:37  Immortal (Chrono Boost)  
  168  16:55  Assimilator  
  168  16:58  Assimilator  
  168  17:01  Photon Cannon  
  168  17:04  Photon Cannon  
  168  17:06  Shield Battery  
  172  17:09  Shield Battery  
  172  17:12  High Templar x2  
  172  17:13  High Templar  
  172  17:14  Zealot  
  172  17:15  Zealot x5  
  186  17:17  Archon  
  186  17:29  Assimilator  
  186  17:44  Zealot x3  
  186  17:45  Zealot x2  
  196  17:52  High Templar x2  
  196  17:56  Archon  
  154  18:37  High Templar x5  
  154  18:39  Zealot x2  
  154  18:40  Zealot x6  
  166  18:42  Archon x2  
  166  18:46  Immortal  
  162  19:18  Zealot x5  
  162  19:19  Zealot x8  
  162  19:24  Immortal (Chrono Boost)  
  188  19:36  Gateway  
  188  19:37  Gateway  
  188  19:42  Gateway  
  188  19:45  Gateway  
  186  19:49  Zealot x7  
  186  19:50  Zealot  
  198  19:58  Gateway x2  
  196  20:02  Gateway  
  194  20:20  Nexus  
Tags
 
Add a new tag
Caveats
  • Supply blocks, unpowered buildings, or Contaminate may cause inaccurate times.
  • Supply counts are checked every 10 seconds.